 Dungeon Crawl Stone Soup version 0.16-a0-3154-g62f4276 (webtiles) character file.

4858 PollenGolem the Covert (level 10, -1/65 HPs)
             Began as a Lacertilian Chaos Knight on June 4, 2015.
             Was a Plaything of Xom.
             Killed from afar by a raiju (17 damage)
             ... with a living lightning
             ... on level 8 of the Dungeon on June 7, 2015.
             The game lasted 01:44:21 (15499 turns).

PollenGolem the Covert (Lacertilian Chaos Knight)  Turns: 15499, Time: 01:44:21

Health: -1/65      AC: 22    Str:  9 (12) XL:     10   Next: 25%
Magic:  15/15      EV:  6    Int: 10 (13) God:    Xom [..*...]
Gold:   634        SH:  2    Dex: 13 (16) Spells: 0 memorised, 9 levels left

rFire  + . .     SeeInvis .     P - +0 short sword (drain)
rCold  + . .     Clarity  +     C - +6 chain mail of Listlessness {+Fly MR+ Slay+3} (curse)
rNeg   . . .     SustAb   .     (no shield)
rPois  .         Gourm    .     (no helmet)
rElec  .         Spirit   .     (no cloak)
rCorr  .         Warding  .     i - +0 pair of gloves
rMut   .         Stasis   .     (no boots)
MR     +....                    H - amulet of clarity
Stlth  ++++......               J - ring of invisibility
                                z - ring of stealth

@: very slightly contaminated, invisible, somewhat resistant to hostile
enchantments, stealthy
A: strong connection with the divine, large bone plates 1, slimy green scales 2,
camouflage 2, blurry vision 1, cold resistance 1, fire resistance 1, sense
surroundings 1, screaming 1
a: Renounce Religion, Evoke Flight


You were on level 8 of the Dungeon.
You worshipped Xom.
You were a toy of Xom.
You were hungry.

You visited 3 branches of the dungeon, and saw 14 of its levels.

You collected 634 gold pieces.

Inventory:

Hand weapons
 a - a +1 short sword of chaos
 d - a +0 trident
 l - a +2 dagger of holy wrath
 B - a +0 blowgun
 M - a +0 dagger of freezing
 O - a +1 hand axe of chaos
 P - a +0 short sword of draining (weapon)
Missiles
 h - 30 poisoned needles
 j - 10 arrows of frost
 o - 10 stones (quivered)
Armour
 b - a +3 leather armour
 i - a +0 pair of gloves (worn)
 C - the cursed +6 chain mail of Listlessness (worn) {+Fly MR+ Slay+3}
   (You found it on level 10 of the Dungeon)

   It affects your accuracy and damage with ranged weapons and melee attacks
   (+3).
   It affects your resistance to hostile enchantments.
   It lets you fly.
   It has a curse placed upon it.
Jewellery
 z - a ring of stealth (left hand)
 E - a +1 ring of slaying
 H - an amulet of clarity (around neck)
 J - a ring of invisibility (right hand)
Magical devices
 m - a wand of heal wounds (1)
 p - a wand of frost (12)
 y - a wand of frost (26)
 A - a wand of fireball (0)
 F - a wand of draining (0)
 G - a wand of polymorph (12)
 I - a wand of invisibility (0)
 K - a wand of lightning (5)
Scrolls
 f - 2 scrolls of magic mapping
 g - 7 scrolls of identify
 k - a scroll of enchant armour
 q - 2 scrolls of recharging
 s - 4 scrolls of remove curse
 v - 2 scrolls of random uselessness
Potions
 r - a potion of ambrosia {unknown}
 t - a potion of agility {unknown}
 u - 3 potions of magic
 w - a potion of mutation {unknown}
 x - 2 potions of curing
 N - a potion of brilliance {unknown}
Books
 e - a book of Maledictions

   Spells                             Type                      Level
   a - Corona                         Hexes                        1
   b - Sure Blade                     Hexes/Charms                 2
   c - Ensorcelled Hibernation        Hexes/Ice                    2
   d - Confuse                        Hexes                        3
   e - Dazzling Spray                 Conjuration/Hexes            3
   f - Enslavement                    Hexes                        4
 L - a book of Unlife

   Spells                             Type                      Level
   a - Recall                         Summoning/Translocation      3
   b - Animate Dead                   Necromancy                   4
   c - Control Undead                 Necromancy                   4
   d - Cigotuvi's Embrace             Necromancy                   5
   e - Death Channel                  Necromancy                   6
   f - Simulacrum                     Ice/Necromancy               6
Comestibles
 c - 8 bread rations
 n - a beef jerky
 D - 5 meat rations
 Q - 8 slices of pizza


   Skills:
 - Level 4.3 Fighting
 - Level 6.1 Short Blades
 - Level 6.0 Armour
 - Level 8.5 Dodging
 - Level 9.0 Stealth
 + Level 4.8 Evocations


You had 9 spell levels left.
You didn't know any spells.

Dungeon Overview and Level Annotations

Branches:
Dungeon (12/15)            Temple (1/1) D:5            Lair (0/8) D:10
    Orc (1/4) D:11

Altars:
Ashenzari
Cheibriados
Dithmenos
Elyvilon
Fedhas
Gozag
Kikubaaqudgha
Makhleb
Nemelex Xobeh
Okawaru
Qazlal
Ru
Sif Muna
Trog
Vehumet
Xom
Yredelemnul
Zin
The Shining One

Annotations:
D:4 Prince Ribbit
D:5 Eustachio, Grinder
D:6 3 exclusions
D:7 1 exclusion
D:9 Joseph


Innate Abilities, Weirdness & Mutations

You have a strong connection with the divine.
You may change religions without suffering divine wrath.
You are mostly covered in slimy green scales (AC +3).
Your skin blends seamlessly with your surroundings (Stealth).
You are partially covered in large bone plates (AC +2, SH +2).
Scrolls take you a little longer to read.
Your flesh is cold resistant.
Your flesh is heat resistant.
You passively map a small area around you.
You occasionally shout uncontrollably at your foes.


Message History

The raiju barely misses you.
You hit the raiju.
The raiju is lightly wounded.
The raiju bites you but does no damage.
You hit the raiju.
The raiju is moderately wounded.
The raiju barely misses you.
Your chain mail of Listlessness prevents you from hitting the raiju.
The raiju is moderately wounded.
You hit the raiju.
The raiju is moderately wounded.
The raiju bites you. The raiju shocks you!
* * * LOW HITPOINT WARNING * * *
Press: ? - help, v - describe, . - travel
Here: a raiju (moderately wounded)
The floor.
The raiju bursts into living lightning!
The living lightning hits you!
You die...
Xom howls with laughter!

####.# #....#..##.)(............#
#.#..###......####...........##.#
#.###..........###.........###..
### ###..............Y.....###..
#### ##..(..#####.........##....
#..###......## #...#.....#...#..
###....##....###..##.Y##...####.
###..##....##..###ยง.###.######
#.##....#...@####Y## #.......
######..#....###..# #.......
#.......h....##*#.....[.
##....########.#..#>....#
###.....## ##...###..#..
###........## ##...## ##.##.
####.......###.####..##.# #.###
#...###...## ##.#..####.## #.# #
##...##...# ##..## #..###.###


You could see a yak (wandering) and a raiju.

Vanquished Creatures
  2 slime creatures (D:12)
  A spriggan (D:8)
  2 yaks
  A hippogriff (D:12)
  2 wargs (D:11)
  A wolf (D:8)
  2 phantoms
  A black bear (D:10)
  A necrophage (D:11)
  An orc warrior (D:8)
  3 ogres
  3 big kobolds
  4 centaurs
  A crocodile (D:8)
  3 giant frogs
  6 scorpions
  2 jellies
  A killer bee (D:4)
  3 wights (D:8)
  3 crimson imps
  A yellow wasp zombie (D:8)
  3 orc priests
  A goliath beetle (D:8)
  A quasit (D:7)
  2 giant frog zombies
  3 hounds
  7 orc wizards
  2 centaur skeletons
  3 iguanas
  4 worker ants
  4 hound skeletons
  13 adders
  2 worker ant zombies
  2 giant mites
  An adder skeleton (D:4)
  An adder zombie (D:6)
  4 giant geckos
  An ooze (D:1)
  33 orcs
  12 bats
  A bat skeleton (D:4)
  A bat zombie (D:8)
  7 giant cockroaches
  11 hobgoblins
  35 kobolds
  4 quokkas
  A giant gecko skeleton (D:4)
  3 giant newts
  2 giant spores
  7 goblins
  5 jackals
  13 rats
  2 ballistomycetes (D:6)
235 creatures vanquished.

Vanquished Creatures (collateral kills)
  An orc warrior (D:6)
  A big kobold (D:5)
  A wight (D:8)
  A hound (D:4)
  An orc (D:6)
  A rat (D:4)
6 creatures vanquished.

Vanquished Creatures (others)
  A neqoxec (D:10)
  A giant frog (D:8)
  A quasit (D:6)
  An orc priest (D:8)
  2 crimson imps
  An iron imp (D:6)
  A worker ant (D:8)
  A hound skeleton (D:8)
  5 shadow imps
  2 white imps (D:6)
  An ufetubus (D:8)
17 creatures vanquished.

Grand Total: 258 creatures vanquished

Notes
Turn   | Place    | Note
--------------------------------------------------------------
     0 | D:1      | PollenGolem, the Lacertilian Chaos Knight, began the quest for the Orb.
     0 | D:1      | Reached XP level 1. HP: 15/15 MP: 1/1
    57 | D:1      | Reached skill level 3 in Short Blades
   264 | D:1      | Found a shattered altar of Ashenzari.
   292 | D:1      | Reached XP level 2. HP: 20/20 MP: 2/2
   518 | D:1      | XOM: colour smoke trail
   551 | D:1      | XOM: noise
   883 | D:1      | Reached XP level 3. HP: 25/25 MP: 3/3
   949 | D:1      | XOM is BORED!
   949 | D:1      | XOM: noise
   958 | D:1      | XOM: god gift: 10 arrows of frost
  1107 | D:2      | Found a glowing silver altar of Zin.
  1188 | D:2      | XOM: give mutation
  1188 | D:2      | Gained mutation: Your body is slowly deteriorating. [Xom's mischief]
  1242 | D:2      | XOM: 1-stop teleportation journey
  1287 | D:2      | XOM: god gift: gold wand {god gift}
  1313 | D:2      | XOM: god gift: 51 gold pieces
  1347 | D:2      | XOM: 3-stop teleportation journey
  1377 | D:2      | Reached skill level 4 in Short Blades
  1441 | D:2      | XOM: harmless Ice miscast
  1449 | D:2      | XOM: divination: detect creatures
  1487 | D:2      | XOM: mild Fire miscast
  1588 | D:2      | Found a snail-covered altar of Cheibriados.
  2077 | D:2      | XOM: severe Pois miscast
  2444 | D:2      | XOM: harmless Erth miscast
  2448 | D:2      | Reached XP level 4. HP: 25/30 MP: 3/3
  2474 | D:2      | XOM: silly message
  2641 | D:3      | XOM: enchant monster (bad)
  2699 | D:3      | XOM: 5-stop teleportation journey
  2940 | D:3      | XOM: summons 2 hostile demons
  2941 | D:3      | Noticed a red devil
  2965 | D:3      | XOM: harmless Pois miscast
  3301 | D:4      | XOM: enchant monster (good)
  3313 | D:4      | Reached skill level 5 in Short Blades
  3313 | D:4      | Reached XP level 5. HP: 8/35 MP: 4/4
  3324 | D:4      | XOM: mild Summ miscast
  3493 | D:4      | XOM: harmless Hex miscast
  3642 | D:5      | Entered Level 5 of the Dungeon
  3731 | D:4      | XOM: divination: magic mapping
  3732 | D:4      | XOM: cast spell 'Confusing Touch'
  3734 | D:4      | XOM: confuse monster(s)
  3736 | D:4      | Reached skill level 6 in Short Blades
  3761 | D:4      | XOM: enchant monster (good)
  3764 | D:4      | XOM: summons 3 friendly demons
  3766 | D:4      | Reached XP level 6. HP: 39/41 MP: 5/5
  3768 | D:4      | XOM: harmless Chrm miscast
  3774 | D:4      | Noticed a phantom
  3809 | D:4      | XOM: medium Conj miscast
  4260 | D:4      | XOM: mild Divn miscast
  4265 | D:4      | XOM: harmless Divn miscast
  4270 | D:4      | XOM: noise
  4336 | D:4      | XOM: harmless Divn miscast
  4439 | D:4      | XOM: summons 4 hostile shadow creatures
  4486 | D:4      | XOM: medium Hex miscast
  4487 | D:4      | XOM: summons friendly iron imp
  4622 | D:4      | XOM: harmless Erth miscast
  4630 | D:4      | XOM: noise
  4647 | D:4      | Killed a phantom
  4647 | D:4      | Gained mutation: Your skin blends seamlessly with your surroundings (Stealth). [lacertilian growth]
  4647 | D:4      | Reached XP level 7. HP: 37/48 MP: 5/5
  5083 | D:4      | Reached skill level 1 in Stealth
  5206 | D:4      | Noticed Prince Ribbit
  5209 | D:4      | XOM: enchant monster (bad)
  5221 | D:4      | XOM: chaos cloud
  5231 | D:5      | Found a staircase to the Ecumenical Temple.
  5264 | Temple   | Entered the Ecumenical Temple
  5350 | Temple   | XOM: vitrification
  5537 | D:5      | Found a radiant altar of Vehumet.
  5688 | D:5      | XOM: give mutations
  5688 | D:5      | Gained mutation: Your flesh is heat resistant. [Xom's grace]
  5688 | D:5      | Gained mutation: You have sharp toenails. [Xom's grace]
  5688 | D:5      | Gained mutation: You are partially covered in molten scales (AC +1). [Xom's grace]
  5747 | D:5      | XOM: summons 3 hostile demons
  5748 | D:5      | Noticed a sixfirhy
  5748 | D:5      | Noticed an ice devil
  5750 | D:4      | XOM: noise
  5756 | D:4      | XOM: confusion (+ monsters)
  5820 | D:4      | XOM: draining
  6048 | D:5      | XOM: harmless Pois miscast
  6091 | D:6      | Found a staircase to the Ecumenical Temple.
  6166 | D:7      | XOM: summons 3 hostile shadow creatures
  6171 | D:7      | XOM: smoke on damage
  6281 | D:5      | XOM: mild Fire miscast
  6287 | D:5      | XOM: give mutation
  6287 | D:5      | Gained mutation: You can translocate small distances at will. [Xom's mischief]
  6444 | D:5      | XOM: colour smoke trail
  6553 | D:5      | Noticed Grinder
  6572 | D:5      | XOM: enchant monster (good)
  6582 | D:5      | XOM: divination: magic mapping
  6812 | D:5      | XOM: potion effect (haste)
  6828 | D:5      | XOM: enchant monster (bad)
  6842 | D:5      | XOM: blink monster(s)
  7045 | D:5      | XOM: chaos upgrade
  7064 | D:5      | XOM: cast spell 'Shadow Creatures'
  7069 | D:5      | XOM: silly message
  7211 | D:5      | XOM: summons 7 friendly demons
  7230 | D:5      | Reached skill level 5 in Stealth
  7329 | D:5      | Noticed Eustachio
  7685 | D:6      | XOM: confuse monster(s)
  8082 | D:7      | XOM: summons 2 friendly demons
  8091 | D:7      | Reached XP level 8. HP: 50/54 MP: 6/6
  8107 | D:7      | Reached skill level 7 in Stealth
  8327 | D:7      | XOM: enchant monster (good)
  8328 | D:7      | Reached skill level 8 in Stealth
  8440 | D:7      | XOM: give mutations
  8440 | D:7      | Gained mutation: You passively map a small area around you. [Xom's mischief]
  8440 | D:7      | Gained mutation: You are clumsy. (Dex -2) [Xom's mischief]
  8440 | D:7      | Gained mutation: You occasionally shout uncontrollably at your foes. [Xom's mischief]
  8510 | D:7      | XOM: noise
  8610 | D:6      | XOM: enchant monster (bad)
  8641 | D:6      | XOM: enchant monster (bad)
  8644 | D:6      | XOM: silly message
  8999 | D:6      | XOM: enchant monster (bad)
  9066 | D:6      | XOM: divination: magic mapping
  9079 | D:6      | XOM: swap weapons
  9086 | D:6      | XOM: summons 8 friendly demons
  9539 | D:7      | XOM: colour smoke trail
  9601 | D:8      | XOM: smoke on damage
  9752 | D:7      | Reached skill level 5 in Dodging
  9772 | D:7      | XOM: torment (22/54 hp)
  9808 | D:7      | XOM: give mutation
  9808 | D:7      | Lost mutation: You are clumsy. (Dex -2) [Xom's mischief]
 10087 | D:8      | XOM: 1-stop teleportation journey
 10151 | D:8      | XOM: confusion
 10155 | D:8      | XOM: chaos upgrade
 10249 | D:8      | Found a shimmering altar of Xom.
 10364 | D:8      | XOM: chaos cloud
 10557 | D:9      | Noticed Joseph
 10561 | D:9      | XOM: 1-stop teleportation journey
 10563 | D:9      | Reached XP level 9. HP: 59/59 MP: 7/7
 10564 | D:9      | Noticed a troll
 10569 | D:9      | XOM: 5-stop teleportation journey
 10600 | D:9      | XOM: mild Hex miscast
 10601 | D:9      | XOM: blink monster(s)
 10636 | D:8      | XOM: severe Pois miscast
 10637 | D:8      | HP: 1/59 [orc priest/divine providence (15)]
 10642 | D:8      | XOM: summons 3 hostile demons
 10643 | D:8      | Noticed a soul eater
 10657 | D:8      | XOM: 9-stop teleportation journey
 10658 | D:8      | Noticed a spriggan
 10661 | D:8      | XOM: stat loss: -1 Int (11/13)
 10680 | D:8      | XOM: 3-stop teleportation journey
 10973 | D:8      | XOM: summons 4 hostile demons
 10976 | D:8      | XOM: potion effect (heal wounds)
 11082 | D:9      | XOM: enchant monster (good)
 11229 | D:10     | Entered Level 10 of the Dungeon
 11229 | D:10     | Found a blossoming altar of Fedhas.
 11233 | D:10     | XOM: scenery: create altars
 11349 | D:9      | XOM: god gift: wand of frost {god gift}
 11421 | D:9      | XOM: god gift: 33 gold pieces
 11838 | D:10     | XOM: 4-stop teleportation journey
 11903 | D:10     | Noticed a centaur skeleton
 11915 | D:10     | Killed a centaur skeleton
 11940 | D:10     | Got a transparent chain mail
 11951 | D:10     | Identified the cursed +6 chain mail of Listlessness {+Fly MR+ Slay+3} (You found it on level 10 of the Dungeon)
 11985 | D:10     | XOM: give mutations
 11985 | D:10     | Lost mutation: You can translocate small distances at will. [Xom's mischief]
 11985 | D:10     | Lost mutation: You are partially covered in molten scales (AC +1). [Xom's mischief]
 11985 | D:10     | Lost mutation: You have sharp toenails. [Xom's mischief]
 12021 | D:10     | XOM: 5-stop teleportation journey
 12144 | D:11     | Found a staircase to the Orcish Mines.
 12144 | D:11     | XOM: 2-stop teleportation journey
 12147 | Orc:1    | Entered Level 1 of the Orcish Mines
 12201 | D:11     | XOM: enchant monster (good)
 12322 | D:11     | XOM: 8-stop teleportation journey
 12465 | D:10     | Found a staircase to the Lair.
 12466 | D:10     | XOM: polymorph rat -> giant cockroach
 12604 | D:11     | Noticed a gargoyle
 12605 | D:11     | XOM: fog
 12611 | D:11     | XOM: divination: detect items
 12959 | D:10     | Reached skill level 9 in Stealth
 12966 | D:10     | XOM: god gift: 32 gold pieces
 12987 | D:10     | XOM: god gift: dented zirconium amulet {god gift}
 13021 | D:10     | Noticed a hill giant
 13029 | D:10     | XOM: summons friendly neqoxec
 13056 | D:10     | XOM: summons friendly crimson imp
 13068 | D:11     | XOM: polymorph orc warrior -> hound
 13080 | D:11     | XOM: 9-stop teleportation journey
 13169 | D:12     | XOM: swap monsters
 13176 | D:12     | Noticed a kobold demonologist
 13176 | D:12     | Reached skill level 5 in Armour
 13272 | D:12     | XOM: divination: magic mapping
 13329 | D:12     | XOM: chaos cloud
 13411 | D:12     | XOM: harmless Divn miscast
 13453 | D:12     | XOM: enchant monster (good)
 13465 | D:12     | XOM: swap monsters
 13477 | D:12     | Reached XP level 10. HP: 51/65 MP: 7/7
 13489 | D:12     | Noticed a cyclops
 13489 | D:12     | XOM: summons 3 friendly demons
 13525 | D:12     | XOM: confuse monster(s)
 13532 | D:12     | XOM: fog
 13568 | D:12     | Noticed a cyclops
 13678 | D:12     | XOM: give mutations
 13678 | D:12     | Lost mutation: Your body is slowly deteriorating. [Xom's mischief]
 13678 | D:12     | Gained mutation: You are weak. (Str -2) [Xom's mischief]
 13890 | D:10     | XOM: summons 2 friendly demons
 13988 | D:9      | XOM: silly message
 14041 | D:8      | XOM: summons 2 friendly demons
 14053 | D:8      | Reached skill level 1 in Evocations
 14139 | D:7      | XOM: harmless Conj miscast
 14390 | D:8      | XOM: fog
 14397 | D:8      | Killed a spriggan
 14571 | D:8      | XOM: mild Chrm miscast
 14573 | D:8      | XOM: divination: detect creatures
 14577 | D:8      | XOM: give mutations
 14577 | D:8      | Lost mutation: You are weak. (Str -2) [Xom's mischief]
 14577 | D:8      | Gained mutation: Scrolls take you a little longer to read. [Xom's mischief]
 14624 | D:8      | XOM: summons 4 hostile shadow creatures
 14645 | D:8      | XOM: give mutations
 14645 | D:8      | Gained mutation: Your flesh is cold resistant. [Xom's grace]
 14645 | D:8      | Gained mutation: You are partially covered in large bone plates (AC +2, SH +2). [Xom's grace]
 14853 | D:8      | XOM: polymorph wyvern -> wolf
 14859 | D:8      | XOM: harmless Trmt miscast
 14864 | D:8      | XOM: silly message
 14993 | D:8      | XOM: silly message
 14996 | D:8      | XOM: noise
 15178 | D:8      | XOM: harmless Chrm miscast
 15286 | D:8      | XOM: noise
 15476 | D:8      | XOM: noise
 15481 | D:8      | XOM: polymorph yak -> raiju
 15483 | D:8      | XOM: summons friendly shadow imp
 15485 | D:8      | XOM: potion effect (invisibility)
 15491 | D:8      | XOM: silly message
 15499 | D:8      | Killed from afar by a raiju

Action                   |  1- 3 |  4- 6 |  7- 9 | 10-12 || total
-------------------------+-------+-------+-------+-------++-------
Melee: Dagger            |   162 |   255 |   712 |    91 ||  1220
       Short sword       |     3 |   111 |    58 |    67 ||   239
       Unarmed           |       |       |     9 |       ||     9
       Trident           |       |       |     9 |       ||     9
 Fire: Blowgun           |       |       |    22 |    11 ||    33
 Abil: Blink             |       |       |     1 |       ||     1
       Evoke Invisibilit |       |       |       |     2 ||     2
Evoke: Wand              |       |     4 |    10 |     2 ||    16
  Use: Potion            |     3 |     1 |     3 |       ||     7
       Scroll            |       |     4 |     8 |       ||    12
 Stab: Sleeping          |     5 |     5 |    27 |     1 ||    38
       Distracted        |     1 |       |     4 |     1 ||     6
       Confused          |       |     2 |     1 |     1 ||     4
       Paralysed         |       |     3 |     3 |     1 ||     7
       Petrified         |       |       |     1 |       ||     1
       Invisible         |       |       |       |     1 ||     1
  Eat: Chunk             |     4 |     7 |    23 |     4 ||    38
       Fruit             |       |       |     6 |       ||     6
       Pizza             |       |       |     1 |       ||     1
       Beef jerky        |       |       |       |     2 ||     2
